Map: Bel'Shir Vestige LE (Void)

Players

Sunshine

  • Race: Terran Terran
  • League: Diamond
  • Spawn Location: 5:00

Musumeci - Winner!

  • Race: Zerg Zerg
  • League: Diamond
  • Spawn Location: 11:00

VOD

Have the link to the VOD?

Description

Time

  • Played on: March 15, 2017, 5:10 a.m.
  • Length: 18:18
Show
View Real Time Build Order
Export as new Build Order

Sunshine Terran 

Build Orders: Hellion Opening, Mech 

Get SALT Encoding   

  12  0:01  SCV  
  13  0:13  SCV  
  14  0:17  Supply Depot  
  14  0:25  SCV  
  15  0:29  Refinery  
  15  0:39  SCV  
  16  0:44  Barracks  
  16  0:51  SCV  
  17  1:03  SCV  
  18  1:15  SCV  
  19  1:32  Orbital Command, Marine  
  20  1:46  Command Center  
  20  2:04  SCV  
  20  2:07  Barracks Reactor  
  21  2:08  Factory  
  21  2:14  Supply Depot  
  21  2:32  SCV  
  21  2:41  Refinery  
  21  2:51  Factory  
  21  2:54  Barracks Tech Lab  
  21  3:00  SCV  
  22  3:08  Hellion x2  
  22  3:12  Orbital Command  
  26  3:14  SCV  
  27  3:26  SCV  
  28  3:31  Hellion, Command Center  
  30  3:38  SCV  
  30  3:40  SCV  
  32  3:45  Infernal Pre-Igniter  
  32  3:58  Hellion x3  
  38  4:03  SCV x2  
  40  4:12  Supply Depot  
  40  4:26  Siege Tank  
  40  4:27  Hellion  
  40  4:29  SCV  
  46  4:33  SCV  
  46  4:34  Refinery, Hellion  
  46  4:36  Refinery  
  49  4:41  SCV  
  50  4:45  SCV  
  49  4:55  Orbital Command  
  49  4:56  SCV  
  49  4:58  SCV  
  51  5:01  Armory  
  51  5:02  Armory  
  51  5:16  SCV x2  
  51  5:19  Siege Tank  
  51  5:20  Hellion x2  
  60  5:26  SCV  
  60  5:28  SCV x2  
  63  5:32  Factory  
  63  5:33  Barracks Tech Lab  
  63  5:38  SCV  
  63  5:40  Engineering Bay  
  63  5:41  Supply Depot  
  64  5:44  Supply Depot  
  64  5:45  SCV  
  64  5:47  SCV  
  68  5:58  Siege Tank  
  69  6:08  SCV x3  
  72  6:14  Hellion x2  
  76  6:23  Terran Vehicle Weapons Level 1, Terran Vehicle And Ship Armor Level 1  
  76  6:25  Hi-Sec Auto Tracking  
  66  6:47  Hellion, Siege Tank  
  66  6:48  Hellion, Siege Tank  
  72  6:56  Orbital Command  
  72  7:04  Factory x2  
  72  7:05  Supply Depot x2  
  72  7:14  SCV  
  72  7:15  Starport, SCV  
  74  7:22  SCV  
  75  7:26  Hellion x3  
  75  7:27  SCV x2, Hellion  
  85  7:34  SCV  
  86  7:48  Factory Tech Lab x2  
  86  7:54  Supply Depot  
  86  7:56  Supply Depot  
  86  8:00  Siege Tank x2  
  86  8:01  Hellion x2, Command Center  
  86  8:02  Command Center  
  94  8:15  Thor  
  94  8:16  Thor  
  94  8:17  SCV x3  
  109  8:20  Refinery  
  109  8:21  Refinery  
  108  8:38  Terran Vehicle Weapons Level 2, Terran Vehicle And Ship Armor Level 2  
  108  8:47  Hellion  
  102  8:50  Siege Tank  
  102  8:53  SCV x3  
  108  9:02  Supply Depot x2  
  108  9:04  Supply Depot  
  108  9:05  SCV x3, Siege Tank x2  
  117  9:13  Hellion x3  
  123  9:17  SCV x2  
  123  9:18  SCV  
  123  9:22  Hellion  
  123  9:23  Orbital Command  
  128  9:34  Hellion  
  128  9:38  Siege Tank x3  
  136  9:43  Siege Tank  
  132  10:10  Thor x2, Hellion x2  
  132  10:11  Hellion  
  132  10:12  SCV x4  
  154  10:15  Planetary Fortress  
  154  10:21  Thor  
  160  10:32  Hellion x3  
  137  10:53  Hellion x5  
  129  11:04  Hellion  
  129  11:14  Hellion  
  129  11:15  Hellion x2  
  126  11:46  Terran Vehicle And Ship Armor Level 3, Terran Vehicle Weapons Level 3  
  124  11:48  Siege Tank x4  
  124  11:49  Starport Reactor  
  134  11:54  SCV  
  134  11:55  SCV x4  
  139  12:20  Siege Tank x3  
  148  12:28  Thor  
  148  12:29  Refinery  
  154  12:30  Refinery  
  154  12:31  Hellion x2  
  154  12:35  Supply Depot x2  
  142  12:52  Thor x2, Hellion  
  142  12:53  Hellion x2  
  148  12:58  Supply Depot  
  148  13:01  Supply Depot  
  148  13:08  Factory  
  148  13:10  Factory  
  148  13:11  Hellion  
  148  13:12  Factory x2  
  150  13:13  Factory  
  150  13:14  Orbital Command  
  137  13:27  Supply Depot  
  137  13:32  Hellion  
  137  13:33  Hellion x2  
  137  13:34  Siege Tank  
  138  13:35  Siege Tank x2  
  144  13:45  SCV  
  132  14:05  Command Center  
  132  14:06  Siege Tank x2  
  132  14:07  Factory Tech Lab x3, Factory Reactor  
  132  14:08  Factory Tech Lab  
  138  14:10  Siege Tank  
  138  14:12  Hellion x3  
  147  14:27  Liberator x2  
  147  14:33  Hellion x2  
  147  14:34  Hellion  
  137  14:39  Hellion x6  
  137  14:42  Hellion  
  148  14:50  Hellion x2  
  152  14:55  Hellion x3  
  149  15:02  Orbital Command  
  149  15:04  Hellion  
  134  15:10  Liberator  
  89  15:44  Siege Tank x3  
  74  16:07  Siege Tank  
  70  16:22  SCV x3  
  73  16:28  Orbital Command  
  73  16:57  SCV x3  
  73  17:21  Hellion  
  73  17:22  Hellion x3  
Show
View Real Time Build Order
Export as new Build Order

Musumeci Zerg - Winner!

Build Orders: Hatch First 

Get SALT Encoding   

  12  0:00  Drone  
  13  0:08  Drone  
  13  0:13  Extractor  
  13  0:16  Drone  
  15  0:42  Hatchery  
  14  0:47  Extractor  
  14  0:48  Drone  
  15  1:01  Spawning Pool  
  14  1:09  Drone, Extractor  
  14  1:12  Extractor  
  14  1:14  Drone  
  15  1:24  Overlord  
  16  1:42  Drone x2  
  16  1:44  Drone  
  19  1:47  Queen  
  19  1:53  Queen  
  23  1:55  Drone  
  23  1:59  Drone  
  25  2:07  Overlord  
  25  2:10  Drone  
  26  2:17  Drone x2  
  28  2:25  Queen  
  30  2:30  Queen  
  30  2:36  Overlord  
  32  2:39  Drone  
  32  2:57  Drone x7  
  39  2:58  Drone  
  39  3:03  Drone x3  
  43  3:17  Evolution Chamber  
  43  3:18  Evolution Chamber  
  41  3:29  Hatchery  
  40  3:37  Extractor  
  40  3:39  Extractor  
  38  3:41  Roach Warren  
  38  3:45  Overlord  
  38  3:46  Overlord  
  37  4:25  Roach  
  37  4:30  Drone x4  
  37  4:31  Drone x10  
  53  4:32  Extractor  
  52  4:40  Spore Crawler  
  52  4:41  Spore Crawler  
  52  4:42  Spore Crawler  
  52  4:43  Roach x2, Spore Crawler  
  50  5:08  Drone x2  
  50  5:09  Drone, Extractor  
  52  5:15  Drone x2  
  52  5:16  Drone x3  
  52  5:17  Drone  
  58  5:32  Drone x5  
  58  5:33  Drone x2  
  65  5:36  Lair  
  65  5:44  Overlord  
  65  5:45  Overlord x4  
  65  5:54  Zerg Missile Weapons Level 1  
  65  5:56  Zerg Ground Armor Level 1  
  65  6:03  Roach x6  
  77  6:04  Overlord  
  77  6:14  Queen  
  77  6:17  Roach x3  
  77  6:18  Roach x2  
  89  6:23  Roach x5  
  99  6:34  Glial Reconstitution  
  99  6:35  Drone  
  93  6:48  Overlord  
  93  6:49  Drone x5  
  93  6:50  Drone x3  
  101  7:10  Drone  
  101  7:11  Drone x10  
  101  7:14  Extractor  
  111  7:16  Extractor  
  110  7:26  Hatchery, Drone x3, Extractor, Spore Crawler  
  110  7:27  Drone x3  
  113  7:30  Extractor  
  113  7:33  Ravager  
  113  7:34  Ravager x2  
  113  7:35  Ravager x7  
  122  7:45  Spine Crawler x2  
  122  7:46  Spine Crawler  
  119  7:51  Zerg Missile Weapons Level 2  
  119  7:57  Zerg Ground Armor Level 2  
  119  8:07  Roach  
  121  8:18  Drone  
  122  8:20  Overlord x5  
  122  8:38  Roach x9  
  122  8:39  Roach x7  
  154  8:50  Roach x5  
  164  8:58  Infestation Pit  
  164  8:59  Drone x4  
  164  9:02  Drone  
  168  9:23  Overlord  
  168  9:24  Overlord x3  
  144  10:09  Roach x3  
  144  10:10  Roach x8  
  144  10:13  Hive  
  166  10:29  Ravager x11  
  142  10:47  Ravager x7  
  123  11:02  Roach x7  
  123  11:03  Roach x27  
  182  11:31  Ravager x4  
  182  11:32  Ravager x4  
  166  11:47  Ravager x8  
  159  12:09  Roach x12  
  159  12:14  Hatchery  
  156  12:17  Zerg Missile Weapons Level 3  
  156  12:18  Extractor x2  
  156  12:21  Ravager  
  156  12:22  Ravager x3  
  155  12:56  Roach x5  
  155  12:57  Roach x6  
  168  12:59  Burrow, Tunneling Claws  
  168  13:31  Roach x9  
  168  13:32  Roach x7  
  194  14:04  Ravager x6  
  166  14:50  Roach x9  
  166  14:51  Roach x5, Ravager  
  166  14:52  Ravager x5  
  194  15:00  Roach x3  
  194  15:01  Roach x3  
  194  15:02  Roach x2  
  162  15:15  Roach  
  162  15:16  Roach x18  
  200  15:26  Roach  
  200  15:27  Roach  
  200  15:28  Roach x2  
  101  15:52  Roach x2  
  101  15:53  Roach x11  
  111  16:12  Roach  
  111  16:13  Roach x5  
  111  16:14  Ravager  
  111  16:15  Ravager x5  
  125  16:24  Ravager  
  125  16:25  Ravager x6  
  132  16:30  Roach x4  
  132  16:37  Roach x2  
  132  16:44  Roach x11  
  132  16:45  Roach x4  
  132  16:46  Ravager x6  
  168  16:49  Roach x2  
  168  16:58  Hatchery, Extractor  
  154  17:02  Roach x9  
  154  17:07  Extractor  
  169  17:28  Roach  
  165  17:51  Ravager x9  
Tags
 
Add a new tag
Caveats
  • Supply blocks, unpowered buildings, or Contaminate may cause inaccurate times.
  • Supply counts are checked every 10 seconds.